 Dungeon Crawl Stone Soup version 0.22.1-1-ga44c0e56f4 (webtiles) character file.

193840 Gargoyl the Severer (level 17, -3/148 HPs)
             Began as a Centaur Abyssal Knight on Sept 20, 2018.
             Was an Elder of Lugonu.
             Slain by a tentacled starspawn (9 damage)
             ... on level 1 of the Abyss on Sept 21, 2018.
             The game lasted 01:15:23 (48238 turns).

Gargoyl the Severer (Centaur Abyssal Knight)       Turns: 48238, Time: 01:15:24

Health: -3/148     AC: 31    Str: 19    XL:     17   Next: 65%
Magic:  27/28      EV: 12    Int: 15    God:    Lugonu [****..]
Gold:   2064       SH:  8    Dex: 23    Spells: 16/16 levels left

rFire    + + .     SeeInvis +   J - +8 war axe (chop)
rCold    + . .     Gourm    .   z - +1 buckler {reflect}
rNeg     + . .     Faith    .   f - +1 scale mail "Gaxem" {rPois rN+ MR+}
rPois    +         Spirit   .   b - +2 helmet
rElec    +         Reflect  +   D - scarf {rC+ rF+}
rCorr    .         Harm     .   w - +1 pair of gloves
MR       ++...                  U - +2 centaur barding
Stlth    ..........             R - amulet of the acrobat
HPRegen  0.34/turn              A - +3 ring of evasion
MPRegen  0.21/turn              G - ring "Gapsoloa" {AC+5 Int+4 Dex+9 SInv}

@: very quick
A: large, hooves 3, icy blue scales 1, agile 1, deformed body, fire resistance
1, speed 2, electricity resistance, tough skin 3, MP-powered wands
}: 1/15 runes: serpentine
a: Depart the Abyss, Bend Space, Banish, Corrupt, Renounce Religion


You were on level 1 of the Abyss.
You worshipped Lugonu.
Lugonu was greatly pleased with you.
You were not hungry.

You visited 5 branches of the dungeon, and saw 28 of its levels.
You visited the Abyss 5 times.

You collected 2722 gold pieces.
You spent 658 gold pieces at shops.

Inventory:

Hand Weapons
 J - a +8 war axe of chopping (weapon)
 V - a +4 broad axe
 Y - a +3 broad axe of electrocution
Missiles
 M - 2 javelins (quivered)
Armour
 b - a +2 helmet (worn)
 f - the +1 scale mail "Gaxem" (worn) {rPois rN+ MR+}
   (You took it off an orc on level 9 of the Dungeon)

   It protects you from poison.
   It protects you from negative energy.
   It affects your resistance to hostile enchantments.
 w - a +1 pair of gloves (worn)
 z - a +1 buckler of reflection (worn)
 D - a scarf of resistance (worn)
 U - a +2 centaur barding (worn)
Jewellery
 a - an uncursed ring of see invisible
 k - an uncursed ring of positive energy
 l - an uncursed amulet of magic regeneration
 v - a +3 ring of evasion
 y - an uncursed ring of flight
 A - a +3 ring of evasion (left hand)
 F - an uncursed ring of protection from cold
 G - the ring "Gapsoloa" (right hand) {AC+5 Int+4 Dex+9 SInv}
   (You took it off a death knight on level 15 of the Dungeon)

   [ring of protection]

   It affects your AC (+5).
   It affects your intelligence (+4).
   It affects your dexterity (+9).
   It lets you see invisible.
 H - an uncursed ring of protection from fire
 R - an amulet of the acrobat (around neck)
Wands
 d - a wand of scattershot (5)
 I - a wand of iceblast (28)
 Q - a wand of digging (26)
Scrolls
 e - 8 scrolls of remove curse
 m - 4 scrolls of identify
 n - 5 scrolls of blinking
 r - 3 scrolls of magic mapping
 t - 11 scrolls of teleportation
 E - a scroll of fear
 S - a scroll of fog
 T - 2 scrolls of summoning
 X - 2 scrolls of holy word
Potions
 g - a potion of curing
 h - 2 potions of haste
 i - a potion of invisibility
 j - a potion of heal wounds
 o - 7 potions of flight
 p - 3 potions of might
 q - 6 potions of brilliance
 u - 3 potions of agility
 x - 5 potions of magic
 N - a potion of resistance
 O - a potion of berserk rage
 P - a potion of ambrosia
Comestibles
 c - 20 rations


   Skills:
 + Level 12.4 Fighting
 + Level 16.2 Axes
 + Level 1.2 Throwing
 * Level 12.5 Armour
 + Level 5.1 Dodging
 + Level 7.1 Shields
 * Level 14.9 Invocations
 + Level 3.8 Evocations


You had 16 spell levels left.
You didn't know any spells.
Your spell library contained the following spells:

 Spells                   Type           Power        Failure   Level  Hunger
 Beastly Appendage        Tmut           #.....       52%         1    ##.....
 Magic Dart               Conj           #...         52%         1    ##.....
 Summon Butterflies       Summ           #.......     52%         1    ##.....
 Summon Small Mammal      Summ           #...         52%         1    ##.....
 Call Imp                 Summ           #.......     67%         2    ###....
 Searing Ray              Conj           #.....       67%         2    ###....
 Sticks to Snakes         Tmut           #.......     67%         2    ###....
 Call Canine Familiar     Summ           #.......     88%         3    ####...
 Dazzling Spray           Conj/Hex       #.....       88%         3    ####...
 Spider Form              Tmut/Pois      #.........   88%         3    ####...
 Summon Guardian Golem    Hex/Summ       #.......     88%         3    ####...
 Force Lance              Conj/Tloc      #.......     99%         4    #####..
 Fulminant Prism          Conj/Hex       #.........   99%         4    #####..
 Ice Form                 Ice/Tmut       #.......     99%         4    #####..
 Iskenderun's Mystic Bla  Conj           #.......     99%         4    #####..
 Summon Ice Beast         Ice/Summ       #.......     99%         4    #####..
 Summon Lightning Spire   Summ/Air       #.......     99%         4    #####..
 Blade Hands              Tmut           #.........   100%        5    ######.
 Summon Mana Viper        Hex/Summ       #.......     100%        5    ######.
 Summon Hydra             Summ           #.........   100%        7    #######


Dungeon Overview and Level Annotations

Branches:
Dungeon (15/15)            Temple (0/1) D:5            Lair (6/6) D:9
 Shoals (0/4) Lair:2        Snake (4/4) Lair:3        Slime (0/5) Lair:6
    Orc (2/2) D:12            Elf (0/3) Orc:2        Vaults (1/5) D:13
 Depths (0/5) D:15

Altars:
Cheibriados
Elyvilon
Makhleb
Nemelex Xobeh
Qazlal
Ru
Sif Muna
Trog
Uskayaw
Wu Jian
Yredelemnul
Zin
The Shining One
Beogh

Shops:
D:4 [   Orc:1 =   Orc:2 =?*(*   Snake:4 :

Portals:
Trove: D:14 (give 19 scrolls of identify)

Annotations:
Snake:3 corrupted


Innate Abilities, Weirdness & Mutations

You have hooves in place of feet.
Armour fits poorly on your strangely shaped body.
You cover ground very quickly.
You have extremely tough skin. (AC +3)
You are partially covered in icy blue scales. (AC +2)
You are agile. (Dex +2)
Your flesh is heat resistant. (rF+)
You are resistant to electric shocks. (rElec)
You expend magic power (3 MP) to strengthen your wands.


Message History

You hit the starspawn tentacle but do no damage.
The starspawn tentacle grabs you. The starspawn tentacle constricts you.
You completely miss the tentacled starspawn.
The starspawn tentacle loses its grip on you.
You kick the tentacled starspawn.
The tentacled starspawn is severely damaged.
You slash the starspawn tentacle!
You block the tentacled starspawn's attack.
The tentacled starspawn engulfs you but does no damage.
The starspawn tentacle grabs you. The starspawn tentacle constricts you.
Your scale mail "Gaxem" prevents you from hitting the tentacled starspawn.
The starspawn tentacle loses its grip on you.
You kick the tentacled starspawn.
The tentacled starspawn is almost destroyed.
You hit the starspawn tentacle.
You destroy the starspawn tentacle!
The tentacled starspawn bites you!
* * * LOW HITPOINT WARNING * * *
The tentacled starspawn engulfs you!
You die...

#. .. .. #.
#. ##### #.
....
.#.#.#.###.#
.....wX@...#
....#.#.##.#
. ..
##.)...# #..
### ### #..
.. .


You could see a tentacled starspawn and a starspawn tentacle.

Vanquished Creatures
  Vashnia (Snake:2)
  10 nagarajas
  An orc warlord (D:12)
  A very ugly thing (Abyss:1)
  An ironheart preserver (Vaults:1)
  Nessos (D:12)
  Fannar (D:11)
  Erolcha (D:11)
  4 ogre magi
  2 rakshasas
  A great orb of eyes (Vaults:1)
  3 vault guards
  An ice dragon (Vaults:1)
  16 naga warriors
  Erica (D:8)
  A catoblepas (D:14)
  4 anacondas
  3 centaur warriors
  20 two-headed ogres
  A death knight (D:15)
  An orc high priest (Orc:1)
  A thrashing horror (Abyss:1)
  16 naga sharpshooters
  A deep elf knight (Vaults:1)
  3 shock serpents
  Sonja (Orc:2)
  Nergalle (Lair:4)
  A spatial maelstrom (Abyss:1)
  An unseen horror (D:13)
  3 skeletal warriors
  2 salamander mystics
  A wizard (D:15)
  6 naga ritualists
  5 mana vipers
  2 deep elf magi
  2 orc knights (Orc:1)
  8 orc sorcerers
  14 salamanders
  4 cyclopes
  20 ugly things
  2 manticores (D:15)
  12 elephants
  2 guardian serpents
  4 centaur zombies
  21 black mambas
  30 naga magi
  A gargoyle (D:13)
  5 spiny frogs
  4 rime drakes
  A kobold demonologist (D:14)
  8 komodo dragons
  6 trolls
  Grinder (D:3)
  7 hornets
  A wolf spider simulacrum (D:15)
  3 blink frogs (Lair:3)
  18 slime creatures
  A snapping turtle (Lair:2)
  9 hippogriffs
  2 large abominations (Abyss:1)
  6 polar bears
  3 shadows
  A vampire (D:11)
  15 spriggans
  3 wraiths (D:15)
  51 yaks
  6 wyverns
  A ynoxinul (Abyss:1)
  2 basilisks
  Eustachio (D:6)
  A hungry ghost (D:15)
  A steam dragon (D:12)
  3 vampire mosquitoes (D:13)
  4 insubstantial wisps (Abyss:2)
  2 acid dragons
  A soldier ant (D:12)
  6 wargs
  45 nagas
  11 water moccasins
  12 porcupines
  33 orc warriors
  2 ice beasts
  3 sky beasts
  2 phantoms
  4 black bears
  17 ogres
  A necrophage (D:8)
  31 wolves
  4 boggarts (Lair:6)
  7 centaurs
  9 crocodiles
  A small abomination (Abyss:1)
  4 big kobolds
  21 bullfrogs
  3 scorpions
  18 wights
  6 killer bees (D:12)
  2 howler monkeys (D:13)
  2 electric eels (Lair:2)
  5 bullfrog zombies
  2 quasits
  4 crimson imps
  5 jellies
  5 hounds
  4 bullfrog skeletons
  27 orc priests
  41 orc wizards
  4 centaur skeletons
  Terence (D:3)
  5 iguanas
  14 worker ants
  A hound zombie (D:7)
  Robin (D:2)
  3 gnolls (Orc:1)
  10 adders
  2 shadow imps
  13 oozes
  2 adder zombies
  3 adder skeletons
  3 worms
  4 dart slugs
  5 leopard geckos
  121 orcs
  2 ball pythons
  5 giant cockroaches
  16 goblins
  A hobgoblin (D:1)
  4 jackals (D:3)
  27 kobolds
  2 quokkas
  11 bats
  A frilled lizard (D:4)
  A leopard gecko skeleton (D:4)
  A quokka skeleton (D:5)
  8 rats
  2 fungi
  A plant (Lair:3)
  A starspawn tentacle (Abyss:1)
  A withered plant (D:8)
1019 creatures vanquished.

Vanquished Creatures (collateral kills)
  A nagaraja (Snake:3)
  A naga warrior (Snake:3)
  A naga sharpshooter (Snake:3)
  2 mana vipers (Snake:3)
  A salamander (Snake:3)
  A naga (Snake:3)
7 creatures vanquished.

Vanquished Creatures (others)
  The ghost of MeekVeins the Brawler, a journeyman TrWr of Zin (Orc:1)
  2 hydras
  3 naga sharpshooters (Snake:3)
  2 shock serpents
  A naga ritualist (Snake:3)
  3 oklob plants (Lair:3)
  An ugly thing (Orc:1)
  2 mana vipers (Snake:3)
  A rust devil (Abyss:1)
  A black mamba (Snake:3)
  A yak (D:12)
  A naga (Snake:3)
  A sky beast (D:12)
  A centaur (D:11)
  An orc priest (Orc:1)
  A worker ant zombie (D:11)
  An orc (Orc:2)
  A kobold (D:11)
  12 fungi
  7 plants
  6 starspawn tentacles (Snake:3)
  2 withered plants (Orc:1)
52 creatures vanquished.

Grand Total: 1078 creatures vanquished

Notes
Turn   | Place    | Note
-------+----------+-------------------------------------------
     0 | Abyss:1  | Gargoyl the Centaur Abyssal Knight began the quest for the
                  | Orb.
     0 | Abyss:1  | Reached XP level 1. HP: 19/19 MP: 2/2
    41 | Abyss:2  | Noticed a green draconian scorcher
    42 | D:1      | Escaped the Abyss
    50 | D:1      | Reached skill level 2 in Axes
   135 | D:1      | Reached XP level 2. HP: 21/26 MP: 3/3
   226 | D:1      | Found a sparkling altar of Nemelex Xobeh.
   333 | D:1      | Reached * piety under Lugonu
   779 | D:1      | Reached XP level 3. HP: 31/31 MP: 4/4
   825 | D:2      | Noticed Robin
   835 | D:2      | Killed Robin
  1245 | D:2      | Noticed a hippogriff
  1258 | D:2      | Killed a hippogriff
  1258 | D:2      | Reached skill level 3 in Axes
  1258 | D:2      | Reached skill level 1 in Dodging
  1258 | D:2      | Reached XP level 4. HP: 40/40 MP: 6/6
  1258 | D:2      | Reached XP level 5. HP: 46/46 MP: 7/7
  1452 | D:2      | Reached XP level 6. HP: 49/52 MP: 8/8
  1503 | D:2      | Reached ** piety under Lugonu
  1839 | D:2      | Found an ornate altar of the Wu Jian Council.
  1992 | D:3      | Found a faded altar of an unknown god.
  2113 | D:3      | Found a snail-covered altar of Cheibriados.
  2187 | D:3      | Noticed Grinder
  2191 | D:3      | Paralysed by Grinder for 2 turns
  2198 | D:3      | Killed Grinder
  2198 | D:3      | Reached skill level 4 in Axes
  2198 | D:3      | Reached XP level 7. HP: 50/58 MP: 9/9
  2620 | D:3      | Reached skill level 1 in Evocations
  2625 | D:3      | Found a burning altar of Makhleb.
  2758 | D:3      | Noticed Terence
  3029 | D:3      | Killed Terence
  3251 | D:4      | Reached skill level 1 in Shields
  3344 | D:4      | Reached *** piety under Lugonu
  3423 | D:4      | Found a deep blue altar of Sif Muna.
  3937 | D:4      | You fall through a shaft!
  3937 | D:5      | Entered Level 5 of the Dungeon
  3989 | D:4      | Found Cafas's Armour Shop.
  4134 | D:5      | Found a bloodstained altar of Trog.
  4379 | D:5      | Found a glowing silver altar of Zin.
  4399 | D:5      | Reached XP level 8. HP: 61/66 MP: 11/11
  4658 | D:4      | Bought a +1 buckler of reflection for 148 gold pieces
  4809 | D:5      | Found a staircase to the Ecumenical Temple.
  5034 | D:6      | Reached skill level 5 in Axes
  5246 | D:6      | Identified 3 scrolls of acquirement
  5268 | D:6      | Noticed Eustachio
  5302 | D:6      | Killed Eustachio
  5302 | D:6      | Reached skill level 5 in Invocations
  5868 | D:7      | Reached skill level 6 in Axes
  5957 | D:7      | Found a sacrificial altar of Ru.
  6000 | D:7      | You fall through a shaft for 3 floors!
  6000 | D:10     | Entered Level 10 of the Dungeon
  6000 | D:10     | Noticed a hippogriff
  6003 | D:10     | Killed a hippogriff
  6003 | D:10     | Reached XP level 9. HP: 68/73 MP: 13/13
  6038 | D:10     | Found a glowing golden altar of the Shining One.
  6199 | D:9      | Found a hide-covered altar of Uskayaw.
  6205 | D:9      | Reached **** piety under Lugonu
  6208 | D:9      | Reached skill level 5 in Fighting
  6222 | D:9      | Noticed a troll
  6299 | D:9      | Killed a troll
  6299 | D:9      | Reached skill level 5 in Armour
  6405 | D:9      | Paralysed by a hornet for 3 turns
  6998 | D:9      | Found a staircase to the Lair.
  7076 | D:9      | Reached skill level 7 in Axes
  7191 | D:9      | Reached XP level 10. HP: 63/81 MP: 13/15
  7714 | D:7      | Found a stormy altar of Qazlal.
  8108 | D:7      | You fall through a shaft!
  8108 | D:8      | Noticed Erica
  8324 | D:8      | Killed Erica
  8324 | D:8      | Reached skill level 8 in Axes
  8561 | D:8      | Found a basalt altar of Yredelemnul.
  8576 | D:8      | Reached ***** piety under Lugonu
  8952 | D:9      | Noticed a two-headed ogre
  8959 | D:9      | Killed a two-headed ogre
  9706 | D:9      | Noticed a centaur warrior
  9720 | D:9      | Killed a centaur warrior
 10141 | Lair:1   | Entered Level 1 of the Lair of Beasts
 10163 | Lair:1   | Reached XP level 11. HP: 87/91 MP: 17/17
 10195 | Lair:1   | Reached skill level 9 in Axes
 10587 | Lair:1   | Noticed a four-headed hydra
 10595 | Lair:1   | Banished a four-headed hydra
 11916 | Lair:2   | Reached skill level 10 in Axes
 12110 | Lair:2   | Found a staircase to the Shoals.
 12587 | Lair:3   | Reached XP level 12. HP: 100/100 MP: 18/18
 13585 | Lair:3   | Reached skill level 11 in Axes
 13982 | Lair:3   | Reached ****** piety under Lugonu
 14069 | Lair:3   | Noticed a six-headed hydra
 14072 | Lair:3   | Banished a six-headed hydra
 14508 | Lair:3   | Found a staircase to the Snake Pit.
 16069 | Lair:4   | Reached skill level 10 in Invocations
 16131 | Lair:4   | Noticed Nergalle
 16145 | Lair:4   | Killed Nergalle
 17909 | Lair:6   | Entered Level 6 of the Lair of Beasts
 18283 | Lair:6   | Reached XP level 13. HP: 107/107 MP: 20/20
 18718 | Lair:6   | Gained mutation: You are agile. (Dex +2) [potion of
                  | mutation]
 18718 | Lair:6   | Gained mutation: You are dopey. (Int -2) [potion of
                  | mutation]
 18718 | Lair:6   | Gained mutation: You have a pair of small horns on your
                  | head. [potion of mutation]
 18719 | Lair:6   | Lost mutation: You are dopey. (Int -2) [potion of mutation]
 18719 | Lair:6   | Lost mutation: You have a pair of small horns on your head.
                  | [potion of mutation]
 18719 | Lair:6   | Gained mutation: Your flesh is heat resistant. (rF+)
                  | [potion of mutation]
 18719 | Lair:6   | Gained mutation: You are resistant to electric shocks.
                  | (rElec) [potion of mutation]
 18719 | Lair:6   | Gained mutation: You expend magic power (3 MP) to
                  | strengthen your wands. [potion of mutation]
 18719 | Lair:6   | Gained mutation: You are partially covered in icy blue
                  | scales. (AC +2) [potion of mutation]
 20466 | Lair:6   | Reached skill level 12 in Axes
 20631 | Lair:6   | Found a staircase to the Slime Pits.
 20850 | Lair:6   | Reached skill level 10 in Armour
 21252 | D:9      | Got a translucent scale mail
 21263 | D:9      | Identified the +1 scale mail "Gaxem" {rPois rN+ MR+} (You
                  | took it off an orc on level 9 of the Dungeon)
 21837 | D:11     | Noticed Erolcha
 22211 | D:11     | Killed Erolcha
 22430 | D:11     | Noticed Fannar
 22462 | D:11     | Killed Fannar
 22994 | D:12     | Found a staircase to the Orcish Mines.
 23066 | Orc:1    | Entered Level 1 of the Orcish Mines
 23442 | D:12     | Noticed Nessos
 23517 | Abyss:1  | Noticed a starcursed mass
 23672 | Abyss:1  | Reached XP level 14. HP: 74/118 MP: 22/22
 23706 | D:12     | Escaped the Abyss
 24128 | D:12     | Killed Nessos
 25408 | D:13     | Found a gate to the Vaults.
 26016 | D:13     | Reached skill level 13 in Axes
 27462 | D:14     | Found a white marble altar of Elyvilon.
 27499 | D:14     | Reached skill level 5 in Shields
 27581 | D:14     | Found a portal to a secret trove of treasure.
 27701 | D:15     | Entered Level 15 of the Dungeon
 27942 | D:15     | Reached skill level 10 in Fighting
 28371 | D:15     | Got an ancient marble ring
 28869 | D:15     | Reached XP level 15. HP: 35/126 MP: 24/24
 29497 | D:15     | Reached skill level 14 in Axes
 29696 | D:15     | Found a staircase to the Depths.
 31246 | Orc:1    | Found a runed door.
 31246 | Orc:1    | Noticed MeekVeins's ghost (journeyman TrWr)
 31261 | Orc:1    | Noticed an orc warlord
 31637 | D:12     | Killed an orc warlord
 31820 | Orc:1    | Paralysed by an orc sorcerer for 6 turns
 32181 | Orc:1    | Found a roughly hewn altar of Beogh.
 32522 | Orc:1    | Found Ryhuckad's Jewellery Shoppe.
 32668 | Orc:1    | Banished MeekVeins's ghost
 32936 | Orc:2    | Entered Level 2 of the Orcish Mines
 33620 | Orc:2    | Found Jyrhur's General Store.
 33620 | Orc:2    | Found Kekel's Assorted Antiques.
 33620 | Orc:2    | Found Teinifud's Weapon Shop.
 33851 | Orc:2    | Found a roughly hewn altar of Beogh.
 33853 | Orc:2    | Found Buovek's Jewellery Shop.
 33856 | Orc:2    | Found a staircase to the Elven Halls.
 33928 | Orc:2    | Noticed Sonja
 34063 | Orc:2    | Found Dotyt's Magic Scroll Boutique.
 34067 | Orc:2    | Bought a scroll of enchant armour for 195 gold pieces
 34069 | Orc:2    | Bought a scroll of enchant armour for 105 gold pieces
 34069 | Orc:2    | Bought a scroll of enchant weapon for 105 gold pieces
 34085 | Orc:2    | Bought a scroll of holy word for 105 gold pieces
 34149 | Orc:2    | Killed Sonja
 34545 | Snake:1  | Entered Level 1 of the Snake Pit
 37323 | Snake:2  | Reached XP level 16. HP: 135/137 MP: 26/26
 38245 | Snake:2  | Noticed Vashnia
 38279 | Snake:3  | Reached skill level 15 in Axes
 38585 | Snake:3  | HP: 6/137 [salamander/halberd of protection (14)]
 38918 | Snake:3  | Escaped the Abyss
 38948 | Abyss:1  | Reached skill level 1 in Throwing
 39253 | Snake:3  | Escaped the Abyss
 39941 | Snake:3  | Corrupted Snake:3
 39941 | Snake:3  | Noticed a tentacled starspawn
 39941 | Snake:3  | Noticed a tentacled starspawn
 39941 | Snake:3  | Noticed a tentacled starspawn
 39942 | Snake:3  | Noticed a bone dragon
 39946 | Snake:3  | Noticed a bone dragon
 39954 | Snake:3  | HP: 6/137 [small abomination[Lugonu's corruption] (8)]
 39979 | Snake:3  | Noticed a tentacled starspawn
 40932 | Snake:2  | Killed Vashnia
 42657 | Snake:4  | Entered Level 4 of the Snake Pit
 43075 | Snake:4  | Identified the ring "Gapsoloa" {AC+5 Int+4 Dex+9 SInv} (You
                  | took it off a death knight on level 15 of the Dungeon)
 43378 | Snake:4  | Found Vuqudenn's Book Shoppe.
 44582 | Snake:4  | Reached XP level 17. HP: 64/146 MP: 27/27
 46250 | Snake:4  | Reached skill level 16 in Axes
 46858 | Snake:4  | Reached skill level 5 in Dodging
 47409 | Snake:4  | Got a serpentine rune of Zot
 47929 | Vaults:1 | Entered Level 1 of the Vaults
 48238 | Abyss:1  | HP: 6/148 [tentacled starspawn (14)]
 48238 | Abyss:1  | Slain by a tentacled starspawn

Skill      XL: |  1  2  3  4  5  6  7  8  9 10 11 12 13 14 15 16 17 |
---------------+----------------------------------------------------+-----
Axes           | 2 3 4 6 7 8 10 11 12 13 14 15 16 | 16.2
Armour         | 2 3 4 5 6 8 9 10 11 12 | 12.5
Dodging        | 1 2 3 4 5 |  5.1
Invocations    | 3 4 5 6 8 9 10 11 12 13 14 | 14.9
Evocations     | 1 2 3 |  3.8
Shields        | 1 2 3 4 5 6 7 |  7.1
Fighting       | 4 5 6 7 8 9 10 11 12 | 12.4
Throwing       | 1 |  1.2

Action                   |  1- 3 |  4- 6 |  7- 9 | 10-12 | 13-15 | 16-18 || total
-------------------------+-------+-------+-------+-------+-------+-------++-------
Melee: Hand axe          |   101 |    77 |   206 |       |       |       ||   384
       Kick              |    15 |    17 |    96 |   168 |   481 |   332 ||  1109
       War axe           |       |       |   132 |   600 |   918 |   409 ||  2059
       Broad axe         |       |       |       |       |   699 |   362 ||  1061
Throw: Tomahawk          |       |       |     2 |     1 |       |       ||     3
       Javelin           |       |       |       |    11 |     1 |     6 ||    18
Invok: Depart the Abyss  |     1 |       |       |       |     1 |     2 ||     4
       Bend Space        |       |       |     2 |       |     1 |       ||     3
       Banish            |       |       |     1 |     7 |    10 |     2 ||    20
       Enter the Abyss   |       |       |       |       |     1 |     3 ||     4
       Corrupt           |       |       |       |       |       |     1 ||     1
 Abil: Evoke Berserk Rag |     2 |     1 |     7 |    14 |     4 |       ||    28
Evoke: Wand              |       |       |       |       |     2 |     5 ||     7
  Use: Scroll            |     8 |     3 |    11 |    14 |    13 |     9 ||    58
       Potion            |       |       |     1 |       |    10 |    10 ||    21
 Stab: Distracted        |       |       |       |       |       |     1 ||     1
  Eat: Chunk             |     1 |     4 |    11 |    32 |    33 |     6 ||    87
       Ration            |       |       |     3 |     4 |     9 |     9 ||    25
Armor: Leather armour    |    21 |       |       |       |       |       ||    21
       Ring mail         |    40 |    43 |   124 |       |       |       ||   207
       Plate armour      |       |       |    75 |   338 |   214 |       ||   627
       Scale mail        |       |       |       |       |   538 |   347 ||   885
Dodge: Dodged            |    47 |    12 |   170 |   283 |   972 |   450 ||  1934
Block: Shield            |    23 |    24 |    56 |       |       |       ||   103
       Buckler           |       |       |    57 |   151 |   436 |   274 ||   918
       Reflection        |       |       |     1 |     2 |    21 |    40 ||    64
